 Dungeon Crawl Stone Soup version 0.18.1-50-g88ac8fd (webtiles) character file.

8730 Peloso the Blocker (level 11, 0/95 HPs)
             Began as a Minotaur Fighter on Sept 30, 2016.
             Was an Elder of Okawaru.
             Slain by a freezing wraith (6 damage)
             ... in an ice cave on Oct 1, 2016.
             The game lasted 00:26:26 (9906 turns).

Peloso the Blocker (Minotaur Fighter)               Turns: 9906, Time: 00:26:27

Health: 0/95       AC: 15    Str: 28    XL:     11   Next: 13%
Magic:  10/10      EV: 14    Int:  9    God:    Okawaru [****..]
Gold:   371        SH: 13    Dex: 13    Spells: 0 memorised, 10 levels left

rFire  . . .     SeeInvis .     q - +0 long sword (freeze)
rCold  + . .     Gourm    .     A - +1 scale mail of Hairiness {rPois Str+2}
rNeg   . . .     Faith    +     c - +0 shield
rPois  +         Spirit   .     (helmet restricted)
rElec  .         Dismiss  .     S - +1 cloak
rCorr  .         Reflect  .     y - +1 pair of gloves
SustAt .         Harm     .     (no boots)
MR     +....                    M - amulet of faith
Stlth  ..........               Q - ring "Byaqei" {+Blink rC+ MR+ AC-3 Int+4} (curse)
                                L - +4 ring of protection

@: mighty, slowed, very slow, somewhat resistant to hostile enchantments,
extremely unstealthy
A: retaliatory headbutt, horns 2
a: Heroism, Renounce Religion, Evoke Blink


You were in an ice cave.
You worshipped Okawaru.
Okawaru was greatly pleased with you.
You were hungry.

You visited 2 branches of the dungeon, and saw 12 of its levels.
You also visited: Sewer and Ice Cave.

You collected 448 gold pieces.
You spent 77 gold pieces at shops.

Inventory:

Hand Weapons
 a - a +1 long sword
 q - a +0 long sword of freezing (weapon)
 I - a +1 whip of flaming
Armour
 c - a +0 shield (worn)
 y - a +1 pair of gloves (worn)
 A - the +1 scale mail of Hairiness (worn) {rPois Str+2}
   (You found it on level 4 of the Dungeon)

   It affects your strength (+2).
   It protects you from poison.
 S - a +1 cloak (worn)
 T - a +0 plate armour
Jewellery
 p - an uncursed ring of fire
 t - an uncursed ring of protection from magic
 F - an uncursed ring of fire
 L - a +4 ring of protection (left hand)
 M - an amulet of faith (around neck)
 Q - the cursed ring "Byaqei" (right hand) {+Blink rC+ MR+ AC-3 Int+4}
   (You found it on level 11 of the Dungeon)

   [ring of protection]

   It affects your AC (-3).
   It affects your intelligence (+4).
   It protects you from cold.
   It affects your resistance to hostile enchantments.
   It lets you blink.
   It has a curse placed upon it.
Wands
 h - a wand of acid (3/15)
 w - a wand of confusion (40/48)
 N - a wand of flame (31/48)
 P - a wand of iceblast (12/15)
Scrolls
 b - 2 scrolls of enchant armour
 e - 2 scrolls of amnesia
 g - 8 scrolls of remove curse
 i - a scroll of magic mapping
 j - 2 scrolls of enchant weapon
 C - 2 scrolls of teleportation
 K - a scroll of blinking
 U - a scroll of acquirement {unknown}
Potions
 d - 2 potions of might
 m - 4 potions of curing
 n - 2 potions of magic
 r - a potion of invisibility
 u - 2 potions of cancellation
 v - 7 potions of heal wounds
 z - 2 potions of ambrosia
 D - 4 potions of flight
 E - 4 potions of brilliance
Books
 k - a book of Enchantments

   Spells                             Type                      Level
   a - Cause Fear                     Hexes                        4
   b - Yara's Violent Unravelling     Hexes/Transmutation          5
   c - Silence                        Hexes/Air                    5
   d - Deflect Missiles               Charms/Air                   6
   e - Haste                          Charms                       6
   f - Discord                        Hexes                        8
 G - a book of the Dragon

   Spells                             Type                      Level
   a - Flame Tongue                   Conjuration/Fire             1
   b - Cause Fear                     Hexes                        4
   c - Bolt of Fire                   Conjuration/Fire             6
   d - Dragon Form                    Transmutation                7
   e - Dragon's Call                  Summoning                    9
 H - a book of Envenomations

   Spells                             Type                      Level
   a - Spider Form                    Transmutation/Poison         3
   b - Olgreb's Toxic Radiance        Poison                       4
   c - Alistair's Intoxication        Transmutation/Poison         5
   d - Poisonous Cloud                Conjuration/Poison/Air       6
 J - a book of Cantrips

   Spells                             Type                      Level
   a - Corona                         Hexes                        1
   b - Animate Skeleton               Necromancy                   1
   c - Summon Small Mammal            Summoning                    1
   d - Apportation                    Translocation                1
 O - a book of Fire

   Spells                             Type                      Level
   a - Ignite Poison                  Fire/Transmutation/Poison    3
   b - Fireball                       Conjuration/Fire             5
   c - Bolt of Fire                   Conjuration/Fire             6
   d - Delayed Fireball               Conjuration/Fire             7
   e - Ring of Flames                 Charms/Fire                  7
Comestibles
 f - 6 bread rations
 o - 2 beef jerkies
 B - 4 meat rations
 R - 3 fruits


   Skills:
 + Level 8.7 Fighting
 + Level 9.5 Long Blades
 + Level 9.7 Armour
 + Level 8.6 Dodging
 + Level 1.5 Stealth
 + Level 10.9 Shields
 + Level 1.0 Invocations
 + Level 0.1 Evocations


You had 10 spell levels left.
You didn't know any spells.

Dungeon Overview and Level Annotations

Branches:
Dungeon (11/15)            Temple (1/1) D:6            Lair (0/8) D:11
    Orc (0/2) D:11

Altars:
Ashenzari
Cheibriados
Elyvilon
Fedhas
Kikubaaqudgha
Makhleb
Nemelex Xobeh
Okawaru
Pakellas
Qazlal
Ru
Trog
Xom
Yredelemnul
Zin
The Shining One

Shops:
D:9 (


Innate Abilities, Weirdness & Mutations

You reflexively headbutt those who attack you in melee.
You have a pair of horns on your head.


Message History

You feel as though you will be slow longer.
You barely miss the freezing wraith.
The freezing wraith is severely damaged.
The freezing wraith hits you. The freezing wraith freezes you! You resist.
* * * LOW HITPOINT WARNING * * *
The freezing wraith barely misses you. You block the freezing wraith's attack.
The freezing wraith hits you but does no damage.
The freezing wraith misses you. The freezing wraith barely misses you.
You block the freezing wraith's attack.
The freezing wraith hits you but does no damage.
You slash the freezing wraith!
The freezing wraith is almost destroyed.
The freezing wraith hits you.
* * * LOW HITPOINT WARNING * * *
The freezing wraith freezes you! You resist.
* * * LOW HITPOINT WARNING * * *
The freezing wraith closely misses you. The freezing wraith hits you!
* * * LOW HITPOINT WARNING * * *
The freezing wraith freezes you. You resist.
You die...

##...##
#.....#
#..#..##
#.W##...##
#.# ##...##
#.. ##...##
#.. ##...#
#. ##..## ..
######@W#
##...###W##
##.....##..#
#...#...#..#
#..####....#
##..# ##...#
##..## ##.##
##...# ###
##....##


You could see 2 freezing wraiths.

Vanquished Creatures
  A tengu warrior (D:11)
  A hill giant (D:11)
  Pikel (D:5)
  Joseph (D:7)
  2 freezing wraiths (IceCv)
  A tengu conjurer (D:11)
  A wolf spider simulacrum (IceCv)
  2 two-headed ogres (D:9)
  A wraith (D:10)
  A death yak simulacrum (IceCv)
  2 hungry ghosts
  A soldier ant (D:6)
  A mottled dragon (D:11)
  2 hell hounds (D:11)
  Duvessa (D:6)
  A water moccasin (D:9)
  An orc warrior (D:11)
  6 ice beasts
  A sky beast (D:10)
  A black bear (D:6)
  2 phantoms
  4 centaurs
  The ghost of Ebilmort the Firebug, an amateur OpFE (Sewer)
  9 big kobolds
  2 giant frogs
  Dowan (D:6)
  A wyvern skeleton (D:6)
  4 scorpions
  An elephant simulacrum (IceCv)
  7 killer bees
  2 crimson imps
  A giant frog zombie (D:5)
  A centaur zombie (D:6)
  2 quasits
  3 hounds
  2 jellies
  An orc priest (D:6)
  2 giant frog skeletons
  Jessica (D:6)
  3 iguanas
  8 orc wizards
  9 worker ants
  A wolf simulacrum (IceCv)
  A killer bee zombie (D:10)
  3 hound skeletons
  2 worker ant zombies
  7 gnolls
  17 adders
  2 river rats (D:4)
  17 white imps
  An ooze (D:4)
  An adder zombie (D:5)
  An adder skeleton (D:5)
  4 worms (D:2)
  3 dart slugs
  2 giant geckos
  23 orcs
  7 giant cockroaches
  8 goblins
  2 hobgoblins
  11 jackals
  7 quokkas
  11 ball pythons
  10 bats
  A giant cockroach zombie (D:6)
  4 giant newts
  26 kobolds
  A quokka skeleton (D:7)
  7 rats
276 creatures vanquished.

Notes
Turn   | Place    | Note
--------------------------------------------------------------
     0 | D:1      | Peloso the Minotaur Fighter began the quest for the Orb.
     0 | D:1      | Reached XP level 1. HP: 19/19 MP: 0/0
    64 | D:1      | Reached XP level 2. HP: 27/27 MP: 1/1
   398 | D:1      | Reached skill level 4 in Shields
  1123 | D:2      | Reached XP level 3. HP: 32/33 MP: 2/2
  1420 | D:2      | Reached XP level 4. HP: 13/40 MP: 3/3
  1473 | D:2      | Found a bloodstained altar of Trog.
  2059 | D:3      | Reached skill level 5 in Shields
  2061 | D:3      | Reached skill level 5 in Armour
  2061 | D:3      | Reached XP level 5. HP: 19/47 MP: 4/4
  2077 | D:3      | HP: 1/47 [orc/trident (5)]
  2742 | D:3      | Found a sparkling altar of Nemelex Xobeh.
  2746 | D:3      | Reached skill level 1 in Dodging
  2949 | D:4      | Reached XP level 6. HP: 52/53 MP: 5/5
  3066 | D:4      | Found Coehav's General Store.
  3315 | D:4      | Found a glowing drain.
  3328 | Sewer    | Entered a sewer
  3390 | Sewer    | Noticed Ebilmort's ghost (amateur OpFE)
  3399 | Sewer    | Killed Ebilmort's ghost
  3423 | Sewer    | Reached skill level 5 in Fighting
  3423 | Sewer    | Reached XP level 7. HP: 61/61 MP: 6/6
  3831 | D:4      | Got a warped scale mail
  3842 | D:4      | Identified the cursed +1 scale mail of Hairiness {rPois Str+2} (You found it on level 4 of the Dungeon)
  4036 | D:5      | Entered Level 5 of the Dungeon
  4239 | D:5      | Reached skill level 6 in Shields
  4808 | D:5      | Noticed Pikel
  4823 | D:5      | Killed Pikel
  4823 | D:5      | Reached skill level 5 in Long Blades
  4823 | D:5      | Reached skill level 7 in Shields
  4823 | D:5      | Reached XP level 8. HP: 56/70 MP: 7/7
  5103 | D:6      | Reached skill level 1 in Stealth
  5187 | D:6      | Noticed Duvessa
  5191 | D:6      | Noticed Dowan
  5197 | D:6      | Killed Duvessa
  5227 | D:6      | Killed Dowan
  5322 | D:6      | Reached XP level 9. HP: 75/75 MP: 8/8
  5374 | D:6      | Reached skill level 8 in Shields
  5489 | D:6      | Found a sparkling altar of Nemelex Xobeh.
  5489 | D:6      | Noticed Jessica
  5493 | D:6      | Killed Jessica
  5624 | D:6      | Reached skill level 5 in Dodging
  5633 | D:6      | Found a staircase to the Ecumenical Temple.
  5642 | Temple   | Entered the Ecumenical Temple
  5679 | Temple   | Became a worshipper of Warmaster Okawaru
  5953 | D:7      | Found a shimmering altar of Xom.
  5953 | D:7      | Found a shimmering altar of Xom.
  5953 | D:7      | Found a shimmering altar of Xom.
  5954 | D:7      | Found a shimmering altar of Xom.
  5955 | D:7      | Found a shimmering altar of Xom.
  6241 | D:7      | Found a basalt altar of Yredelemnul.
  6416 | D:7      | Noticed Joseph
  6423 | D:7      | Killed Joseph
  6423 | D:7      | Reached * piety under Okawaru
  6546 | D:7      | Noticed a wind drake
  6552 | D:7      | Noticed a komodo dragon
  6552 | D:7      | a wind drake changed into a komodo dragon
  6563 | D:7      | Noticed a guardian serpent
  6612 | D:8      | Reached skill level 9 in Shields
  6730 | D:8      | Reached ** piety under Okawaru
  6962 | D:8      | Found a glowing golden altar of the Shining One.
  7209 | D:9      | Reached XP level 10. HP: 58/86 MP: 9/9
  7443 | D:9      | Found an oddly glowing altar of Pakellas.
  7456 | D:9      | Found a blossoming altar of Fedhas.
  7456 | D:9      | Found an ancient bone altar of Kikubaaqudgha.
  7527 | D:9      | Found Iticzep's Antique Weapon Shop.
  7532 | D:9      | Bought a glowing long sword for 77 gold pieces
  7865 | D:9      | Found a white marble altar of Elyvilon.
  7999 | D:10     | Entered Level 10 of the Dungeon
  8201 | D:10     | Reached skill level 10 in Shields
  8584 | D:11     | Found a staircase to the Lair.
  8626 | D:11     | Reached *** piety under Okawaru
  8708 | D:11     | Noticed a tengu warrior
  8721 | D:11     | Received a gift from Okawaru
  8735 | D:11     | Killed a tengu warrior
  8772 | D:11     | Got a smoking ivory ring
  8794 | D:11     | Found a frozen archway.
  8809 | D:11     | Identified the cursed ring "Byaqei" {+Blink rC+ MR+ AC-3 Int+4} (You found it on level 11 of the Dungeon)
  8834 | D:11     | Noticed a hill giant
  8842 | D:11     | Killed a hill giant
  8861 | D:11     | Found a staircase to the Orcish Mines.
  8874 | D:11     | Reached **** piety under Okawaru
  8907 | D:11     | Noticed a cyclops
  8911 | IceCv    | Entered an ice cave
  8922 | IceCv    | Received a gift from Okawaru
  8929 | IceCv    | Reached XP level 11. HP: 32/95 MP: 8/10
  9542 | IceCv    | Reached skill level 1 in Invocations
  9906 | IceCv    | Slain by a freezing wraith

Skill      XL: |  1  2  3  4  5  6  7  8  9 10 11 |
---------------+----------------------------------+-----
Shields        | 4 5 7 9 10 | 10.9
Armour         | 4 5 6 7 8 9 |  9.7
Fighting       | 4 5 6 7 8 |  8.7
Long Blades    | 3 4 5 6 7 9 |  9.5
Dodging        | 1 3 4 6 8 |  8.6
Stealth        | 1 |  1.5
Invocations    | 1 |  1.0
Evocations     | |  0.1

Action                   |  1- 3 |  4- 6 |  7- 9 | 10-12 || total
-------------------------+-------+-------+-------+-------++-------
Melee: Long sword        |    84 |   201 |   382 |   307 ||   974
       Headbutt          |     8 |    30 |    80 |    77 ||   195
Invok: Heroism           |       |       |       |    11 ||    11
 Abil: Evoke Blink       |       |       |       |     2 ||     2
  Use: Scroll            |       |       |    12 |     8 ||    20
       Potion            |       |       |       |     5 ||     5
  Eat: Chunk             |     1 |     7 |     9 |     9 ||    26
       Royal jelly       |       |       |     1 |     1 ||     2
       Pizza             |       |       |     1 |       ||     1
       Fruit             |       |       |       |     2 ||     2
Armor: Scale mail        |    21 |       |   123 |   133 ||   277
       Chain mail        |    31 |   115 |    28 |       ||   174
Dodge: Dodged            |    32 |    62 |   144 |   158 ||   396
Block: Shield            |    54 |   122 |   207 |   221 ||   604
